 Dungeon Crawl Stone Soup version 0.31-a0-192-ga50d7bf3bb (webtiles) character file.

Game seed: 15351933586395838918

343 dcsswall the Trooper (level 6, -5/56 HPs)
             Began as a Hill Orc Fighter on Feb 24, 2023.
             Was an Initiate of Beogh.
             Slain by an ogre
             ... wielding a +0 giant club
              (25 damage)
             ... on level 5 of the Dungeon on June 24, 2023.
             The game lasted 00:12:20 (1957 turns).

dcsswall the Trooper (Hill Orc Fighter)             Turns: 1957, Time: 00:12:22

Health: -5/56      AC: 11    Str: 21    XL:     6   Next: 57%
Magic:  6/6        EV:  9    Int:  8    God:    Beogh [......]
Gold:   73         SH:  4    Dex: 10    Spells: 5/5 levels left

rFire   . . .        a - +0 war axe
rCold   . . .        c - +0 buckler
rNeg    . . .        b - +0 scale mail
rPois   .            (no helmet)
rElec   .            e - scarf {+Inv}
rCorr   .            (no gloves)
SInv    .            (no boots)
Will    .....        (no amulet) Stlth
                     o - +4 ring of slaying
HPRegen 0.29/turn    p - +4 ring of protection
MPRegen 0.10/turn

%: no passive effects
@: no status effects
A: no striking features
a: Renounce Religion, Evoke Invisibility


You were on level 5 of the Dungeon.
You worshipped Beogh.
Beogh was noncommittal.
You visited 1 branch of the dungeon, and saw 5 of its levels.

You collected 73 gold pieces.

Inventory:

Hand Weapons
 a - a +0 war axe (weapon)
Missiles
 j - a throwing net
Armour
 b - a +0 scale mail (worn)
 c - a +0 buckler (worn)
 e - a scarf of invisibility (worn)
Jewellery
 k - a ring of willpower
 o - a +4 ring of slaying (left hand)
 p - a +4 ring of protection (right hand)
Wands
 h - a wand of polymorph (8)
Scrolls
 r - a scroll of fog
Potions
 d - a potion of might
 f - 2 potions of heal wounds
 g - a potion of ambrosia
 i - a potion of lignification {unknown}
 l - a potion of berserk rage {unknown}
 m - a potion of brilliance {unknown}
 n - 2 potions of enlightenment {unknown}
 q - a potion of attraction {unknown}
 s - a potion of haste {unknown}
 t - a potion of curing {unknown}


   Skills:
 + Level 5.3 Fighting
 + Level 4.9 Axes
 + Level 4.8 Armour
 + Level 4.8 Shields


You had 5 spell levels left.
You didn't know any spells.
Your spell library contained the following spells:

 Spells                   Type           Power      Damage    Failure   Level
 Gell's Gravitas          Tloc           0%         N/A       99%         3
 Teleport Other           Tloc           0%         N/A       99%         3
 Vhi's Electric Charge    Tloc/Air       0%         N/A       99%         3
 Arcjolt                  Conj/Air       0%         1d10      100%        5
 Dispersal                Tloc           0%         N/A       100%        6
 Maxwell's Capacitive Co  Air            0%         ∞         100%        8


Dungeon Overview and Level Annotations

Branches:
Dungeon (6/15)
 Temple: D:4-7

Altars:
Hepliaklqana
Trog

Shops:
D:2 (   D:6 (


Message History

The orc is heavily wounded.
The orc hits you but does no damage. x2
You completely miss the orc.
The orc is heavily wounded.
The orc hits you but does no damage.
You slash the orc!
You kill the orc!
Beogh accepts your kill.
No target in view!
No target in view!
There is an entrance to Acif's Weapon Boutique here.
You start resting.
HP restored.
There is a stone staircase leading up here.
You climb upwards.
You hear the hiss of flowing sand.
There is an entrance to an ossuary on this level.
Hurry and find it before the portal is buried!
You hear the hiss of a very distant avalanche of sand.
The ogre hits you with a +0 giant club! You block the iguana's attack.
There is a stone staircase leading down, spattered with blood here.
You slice the ogre!!
The ogre is severely wounded.
You barely miss the iguana. The iguana bites you!
The ogre hits you but does no damage. The iguana barely misses you.
You hit the ogre.
The ogre is almost dead.
You slash the iguana! The ogre closely misses you.
The iguana barely misses you.
You hit the ogre.
The ogre is almost dead.
You barely miss the iguana. The ogre hits you with a +0 giant club!
The iguana bites you. The iguana barely misses you.
You are too injured to fight recklessly!
You are too injured to fight recklessly!
Aiming: Polymorph
Press: ? - help, Shift-Dir - straight line, f - ogre
Aim: an ogre, wielding a +0 giant club (almost dead, will become an acid dragon, a wyvern, or a centaur, chance to affect: 49%)
The ogre resists with some effort.
The ogre hits you with a +0 giant club!!
You die...

###### #....# #....#
#....# #....# #....#
#....############
#....##@l.......######
#.....O.....?.........
#.....................
#.....(...............
#.................§≈≈≈
####..............≈....
#........).)...≈.≈≈≈
#..............≈.≈_..
#..............§.≈≈≈§


You could see an ogre and an iguana.

Vanquished Creatures
  A kobold brigand (D:2)
  A howler monkey (D:6)
  A hound (D:6)
  Terence (D:2)
  An orc wizard (D:6)
  4 gnolls (D:6)
  2 adders
  A shadow imp (D:6)
  A white imp (D:6)
  An ufetubus (D:5)
  2 worms (D:2)
  2 dart slugs
  5 orcs
  4 ball pythons
  4 endoplasms
  A giant cockroach (D:1)
  5 goblins
  7 hobgoblins
  6 jackals (D:2)
  3 kobolds
  2 quokkas (D:1)
  2 bats (D:1)
  3 frilled lizards
  5 rats
65 creatures vanquished.

Vanquished Creatures (others)
  An orc priest (D:5)
  An orc (D:5)
2 creatures vanquished.

Grand Total: 67 creatures vanquished

Notes
Turn   | Place    | Note
-------+----------+-------------------------------------------
     0 | D:1      | dcsswall the Hill Orc Fighter began the quest for the Orb.
     0 | D:1      | Reached XP level 1. HP: 19/19 MP: 1/1
    74 | D:1      | Reached XP level 2. HP: 27/27 MP: 2/2
   223 | D:1      | Found a faded altar of an unknown god.
   349 | D:1      | Upgraded the game from 0.30-a0-782-ge64f9170bb to
                  | 0.31-a0-192-ga50d7bf3bb
   449 | D:1      | Reached skill level 4 in Fighting
   577 | D:1      | Reached XP level 3. HP: 28/33 MP: 3/3
   840 | D:2      | Noticed Terence
   848 | D:2      | Killed Terence
   933 | D:2      | Reached XP level 4. HP: 40/40 MP: 4/4
  1325 | D:2      | Found Efrismij's Weapon Shop.
  1613 | D:3      | Noticed a kobold brigand
  1626 | D:2      | Killed a kobold brigand
  1627 | D:2      | Reached XP level 5. HP: 42/47 MP: 5/5
  1689 | D:3      | You fall into a shaft and drop 2 floors!
  1689 | D:5      | Entered Level 5 of the Dungeon
  1715 | D:5      | Found a bloodstained altar of Trog.
  1716 | D:5      | Became a worshipper of Beogh the Brigand
  1718 | D:5      | Noticed an ogre
  1720 | D:5      | Found a hazy altar of Hepliaklqana.
  1745 | D:6      | Found Acif's Weapon Boutique.
  1754 | D:6      | Reached skill level 5 in Fighting
  1754 | D:6      | Reached XP level 6. HP: 35/56 MP: 6/6
  1957 | D:5      | Slain by an ogre

Illustrated notes

Levels and vault maps discovered:
D:1:      saegor_arrival_simple_a, layout_basic,
          dreamdust_ecumenical_altar_sealed_demon
D:2:      layout_loops_corners, serial_shops, shop, minmay_pentomino_z2,
          uniq_terence
D:3:      layout_basic, dk_xom_monty_hall
D:5:      gammafunk_cloud_chamber, layout_basic,
          mainiacjoe_overflow_catwalk_spiral, ebering_ghost_sewer_f,
          enter_ossuary_4
D:6:      minmay_goblin_kobold_castle, layout_gridville,
          minmay_temple_entry_junction, serial_shops, nicolae_lakefront_shop,
          shop, nicolae_shop_crystal, nicolae_shop_back_alley_shop,
          nicolae_shop_bloodbath_and_beyond

Skill      XL: |  1  2  3  4  5 |
---------------+----------------+-----
Axes           | 3 4 |  4.9
Fighting       | 4 5 |  5.3
Shields        | 4 |  4.8
Armour         | 4 |  4.8

Action                     |  1- 3 |  4- 6 || total
---------------------------+-------+-------++-------
  Melee: War axe           |    75 |   132 ||   207
 Invoke: Convert to Beogh  |       |     1 ||     1
  Evoke: Wand              |       |     1 ||     1
    Use: Scroll            |     4 |     1 ||     5
 Armour: Scale mail        |    34 |    75 ||   109
  Dodge: Dodged            |    33 |    57 ||    90
  Block: Buckler           |    20 |    24 ||    44

Table legend: (Time is in decaauts)
 A = Elapsed time spent in this place.
 B = Non-inter-level travel time spent in this place.
 C = Inter-level travel time spent in this place.
 D = Time resting spent in this place.
 E = Time spent auto-exploring this place.
 F = Levels seen in this place.
 G = Mean time per level.
                   A        B        C        D        E       F      G
               +--------+--------+--------+--------+--------+-----+--------+
         Total |   2028 |   2008 |     20 |    107 |   1298 |   5 |  405.6 |
       Dungeon |   2028 |   2008 |     20 |    107 |   1298 |   5 |  405.6 |
               +--------+--------+--------+--------+--------+-----+--------+

Top non-repeatable levels by time:
     D:2: 862 daAuts
     D:1: 815 daAuts
     D:6: 223 daAuts
     D:3: 64 daAuts
     D:5: 62 daAuts
